 Dungeon Crawl Stone Soup version 0.29.1-13-g9f3cf754e1 (webtiles) character file.

Game seed: 18291951974031927722

1028 cordialsnail the Frost Mage (level 8, -5/52 HPs)
             Began as a Human Ice Elementalist on Jan 31, 2023.
             Was a Follower of Nemelex Xobeh.
             Slain by an orc warrior
             ... wielding a +1 vampiric glaive
              (9 damage)
             ... on level 6 of the Dungeon on Feb 1, 2023.
             The game lasted 00:52:18 (6482 turns).

cordialsnail the Frost Mage (HuIE)                  Turns: 6482, Time: 00:52:19

Health: -5/52      AC: 10    Str:  8    XL:     8   Next: 47%
Magic:  11/13      EV: 12    Int: 17    God:    Nemelex Xobeh [*.....]
Gold:   245        SH:  0    Dex: 15    Spells: 8/16 levels left

rFire   . . .      SeeInvis .   y - +2 dagger (venom)
rCold   . . .      Faith    .   (no shield)
rNeg    + + .      Spirit   .   A - +1 leather armour {Will+}
rPois   .          Reflect  .   a - +0 helmet
rElec   .          Harm     .   (no cloak)
rCorr   .          Rampage  .   m - +2 pair of gloves of the Dungeon {rN+}
Will    +....      Rnd*Tele +   (no boots)
Stlth   ++........              (no amulet)
HPRegen 0.17/turn               i - ring of positive energy
MPRegen 0.13/turn               (no ring)

@: no status effects
A: iridescent scales 1, low MP 1, teleportitis 1
a: Renounce Religion, Draw Escape, Draw Destruction, Draw Summoning


You were on level 6 of the Dungeon.
You worshipped Nemelex Xobeh.
Nemelex Xobeh was aware of your devotion.
You visited 1 branch of the dungeon, and saw 6 of its levels.

You collected 245 gold pieces.

Inventory:

Hand Weapons
 y - a +2 dagger of venom (weapon)
 z - a +0 dagger of draining
Missiles
 w - 2 throwing nets
Armour
 a - a +0 helmet (worn)
 m - the +2 pair of gloves of the Dungeon (worn) {rN+}
   (You found it on level 3 of the Dungeon)

   rN:        It protects you from negative energy.
 A - a +1 leather armour of willpower (worn)
Jewellery
 i - a ring of positive energy (left hand)
Wands
 d - a wand of roots (15)
 r - a wand of paralysis (4)
 t - a wand of polymorph (12)
 v - a wand of digging (7)
Scrolls
 c - a scroll of torment
 e - a scroll of fog {unknown}
 h - 2 scrolls of teleportation
 k - a scroll of identify
 n - a scroll of noise {unknown}
 o - 2 scrolls of magic mapping {unknown}
 q - 2 scrolls of blinking
 s - a scroll of brand weapon {unknown}
 u - a scroll of immolation {unknown}
 x - a scroll of amnesia {unknown}
Potions
 b - 2 potions of magic
 f - 2 potions of ambrosia
 g - 3 potions of attraction
 j - a potion of heal wounds
 l - a potion of flight {unknown}
 p - a potion of lignification {unknown}
 B - a potion of haste {unknown}


   Skills:
 - Level 0.2 Fighting
 - Level 0.1 Short Blades
 - Level 2.5 Dodging
 - Level 2.5 Stealth
 - Level 4.5 Spellcasting
 + Level 8.8 Ice Magic
 - Level 0.1 Evocations


You had 8 spell levels left.
You knew the following spells:

 Your Spells              Type           Power      Damage    Failure   Level
a - Freeze                Ice            100%       1d11      1%          1
b - Hailstorm             Conj/Ice       18%        3d6       34%         4
c - Frozen Ramparts       Ice            66%        1d10      1%          3

Your spell library contained the following spells:

 Spells                   Type           Power      Damage    Failure   Level
 Ozocubu's Armour         Ice            33%        N/A       1%          3
 Magic Dart               Conj           12%        1d3       22%         1
 Call Imp                 Summ           3%         N/A       32%         2
 Mephitic Cloud           Conj/Pois/Air  3%         N/A       54%         3
 Metabolic Englaciation   Hex/Ice        9%         N/A       69%         5
 Anguish                  Hex/Necr       1%         N/A       91%         4
 Simulacrum               Ice/Necr       9%         N/A       99%         6
 Enfeeble                 Hex            1%         N/A       100%        7


Dungeon Overview and Level Annotations

Branches:
Dungeon (6/15)             Temple (0/1) D:5

Altars:
Gozag
Makhleb
Nemelex Xobeh

Annotations:
D:2 Sigmund
D:5 Eustachio


Innate Abilities, Weirdness & Mutations

You are partially covered in iridescent scales. (AC +2)
Your magical capacity is low. (-10% MP)
You are occasionally teleported next to monsters.


Message History

Okay, then.
The wall freezes the gnoll but does no damage.
The gnoll misses you.
The wall freezes the gnoll.
The gnoll hits you from afar with a +0 spear.
The wall freezes the gnoll!
The gnoll hits you but does no damage.
The wall freezes the gnoll!
You kill the gnoll!
The frozen ramparts melt away.
You see here a +0 spear.
An orc warrior and an orc priest come into view.
The orc warrior is wielding a +1 vampiric glaive.
The orc warrior shouts!
Casting: Frozen Ramparts (safe; 1% risk of failure)
Press: ? - help, Q - select action, (/) - cycle Dir - look around, f - activate The walls around you are covered in ice.
The wall freezes the orc warrior.
The wall freezes the orc warrior!
The orc warrior closely misses you.
The wall freezes the orc warrior but does no damage.
The orc warrior hits you from afar with a +1 vampiric glaive.
The wall freezes the orc warrior but does no damage.
The orc warrior hits you from afar with a +1 vampiric glaive!
The wall freezes the orc warrior.
The orc warrior hits you from afar with a +1 vampiric glaive!
The orc warrior draws strength from your wounds!
The orc priest shouts!
The orc priest invokes the aid of Beogh against you.
Pain shoots through your body!
The wall freezes the orc warrior.
The orc warrior misses you.
The wall freezes the orc warrior.
The orc warrior closely misses you.
The frozen ramparts melt away.
The orc priest invokes the aid of Beogh against you.
Beogh smites you!
* * * LOW HITPOINT WARNING * * *
The orc warrior hits you but does no damage.
You draw a card...
You have drawn Velocity.
Nothing appears to happen.
The deck of cards glows with a rainbow of weird colours and disappears.
The orc warrior hits you from afar with a +1 vampiric glaive!
You die...
Your body disappears without a glow.

~....###..#...##.###.#.#
#.# ....## #..#...##.#
#.#.# #.# ~....
#..#..###.###.#.###.#
~...## #......
............# ~...#
#.....###.###.#.#####
~...# #..#..###.###.#.#
.~.. ...............#
##..###.###.#.# #. #@#
#.).# #...###o# #.#.#
.#......o# #.#)#
.......#.###)#.#
.......#.......###
.....###..........#
..#....#............# .
#....#.♣###...#.### #
#.....# #...#.#


You could see an orc warrior and an orc priest.

Vanquished Creatures
  A water moccasin (D:3)
  An ogre (D:6)
  A gnoll sergeant (D:5)
  2 necrophages
  4 scorpions
  A howler monkey (D:5)
  A hound (D:6)
  A gnoll bouda (D:5)
  An orc priest (D:6)
  3 orc wizards (D:5)
  9 gnolls
  4 adders
  An ufetubus (D:6)
  2 worms
  3 dart slugs
  10 orcs
  6 bats
  6 endoplasms
  3 giant cockroaches
  6 goblins
  5 hobgoblins
  3 jackals (D:2)
  5 kobolds
  2 quokkas
  5 ball pythons
  4 frilled lizards
  10 rats
  A butterfly (D:5)
101 creatures vanquished.

Vanquished Creatures (others)
  7 plants (D:6)
7 creatures vanquished.

Grand Total: 108 creatures vanquished

Notes
Turn   | Place    | Note
-------+----------+-------------------------------------------
     0 | D:1      | cordialsnail the Human Ice Elementalist began the quest for
                  | the Orb.
     0 | D:1      | Reached XP level 1. HP: 13/13 MP: 3/3
   169 | D:1      | Reached XP level 2. HP: 19/19 MP: 3/5
   902 | D:1      | Reached XP level 3. HP: 22/24 MP: 3/6
  1715 | D:2      | Found a faded altar of an unknown god.
  1979 | D:2      | Reached XP level 4. HP: 28/30 MP: 5/8
  2107 | D:2      | Learned a level 4 spell: Hailstorm
  2273 | D:2      | Noticed Sigmund
  2460 | D:3      | Learned a level 3 spell: Frozen Ramparts
  2904 | D:3      | Identified the +2 pair of gloves of the Dungeon {rN+}
  2909 | D:3      | Noticed a water moccasin
  2930 | D:3      | Killed a water moccasin
  2931 | D:3      | Reached skill level 5 in Ice Magic
  2931 | D:3      | Reached XP level 5. HP: 17/35 MP: 2/11
  2931 | D:3      | Reached XP level 6. HP: 20/41 MP: 2/12
  3744 | D:4      | Found a sparkling altar of Nemelex Xobeh.
  3745 | D:4      | Found an opulent altar of Gozag.
  3769 | D:4      | Became a worshipper of Nemelex Xobeh the Trickster
  3796 | D:4      | Identified the +8 rapier of Xajotitz {vorpal, rPois Int+2
                  | Dex+3}
  4269 | D:5      | Entered Level 5 of the Dungeon
  4543 | D:5      | Gained mutation: You have a beak for a mouth. [potion of
                  | mutation]
  4728 | D:5      | Found a staircase to the Ecumenical Temple.
  4951 | D:5      | Reached skill level 6 in Ice Magic
  4951 | D:5      | Reached XP level 7. HP: 35/46 MP: 8/13
  5260 | D:5      | Reached * piety under Nemelex Xobeh
  5297 | D:5      | Found a burning altar of Makhleb.
  5311 | D:5      | Noticed Eustachio
  5426 | D:5      | Reached skill level 7 in Ice Magic
  5601 | D:5      | Lost mutation: You have a beak for a mouth. [potion of
                  | mutation]
  5601 | D:5      | Gained mutation: Potions are less effective at restoring
                  | your health. [potion of mutation]
  5601 | D:5      | Gained mutation: Your magical capacity is low. (-10% MP)
                  | [potion of mutation]
  5601 | D:5      | Gained mutation: You are covered in fur. (AC +1) [potion of
                  | mutation]
  5784 | D:6      | Reached XP level 8. HP: 52/52 MP: 9/13
  5787 | D:6      | Lost mutation: Potions are less effective at restoring your
                  | health. [potion of mutation]
  5787 | D:6      | Lost mutation: You are covered in fur. (AC +1) [potion of
                  | mutation]
  5787 | D:6      | Gained mutation: You are occasionally teleported next to
                  | monsters. [potion of mutation]
  5787 | D:6      | Gained mutation: You are partially covered in iridescent
                  | scales. (AC +2) [potion of mutation]
  5882 | D:6      | Reached skill level 8 in Ice Magic
  6207 | D:6      | Received a gift from Nemelex Xobeh
  6482 | D:6      | Slain by an orc warrior

Illustrated notes

Levels and vault maps discovered:
D:1:      dreamdust_arrival_sigmund_warning, layout_basic, serial_forest,
          infiniplex_forest_lined_room_, infiniplex_forest_clump_curved,
          infiniplex_forest_lined_2, infiniplex_forest_straight_2,
          infiniplex_forest_end_3, infiniplex_forest_lined_2,
          serial_bayou_pond_d, nicolae_kite_square_tiling_tiny, minivault_25,
          ebering_dispersal_statue_hall, minmay_misc_feat_cross, minmay_unequal
D:2:      layout_rooms, hellmonk_ecumenical_altar_arch_garden, uniq_sigmund
D:3:      layout_loops_corners
D:4:      layout_loops_corners, grunt_temple_overflow_opulence,
          pf_guarded_unrand_woodcutter, uniq_blork_the_orc
D:5:      layout_loops_corners, mainiacjoe_overflow_small_starburst,
          minmay_temple_entry_butterflies, lightli_minifort, uniq_eustachio
D:6:      layout_basic, hangedman_decor_push, chequers_big_river

Skill      XL: |  1  2  3  4  5  6  7  8 |
---------------+-------------------------+-----
Spellcasting   | 4 |  4.5
Ice Magic      | 5 6 7 8 |  8.8
Fighting       | |  0.2
Short Blades   | |  0.1
Dodging        | |  2.5
Stealth        | |  2.5
Evocations     | |  0.1

Action                   |  1- 3 |  4- 6 |  7- 9 || total
-------------------------+-------+-------+-------++-------
Melee: Dagger            |    32 |    19 |    14 ||    65
       Peck              |       |       |     1 ||     1
 Cast: Freeze            |    48 |    76 |    51 ||   175
       Frozen Ramparts   |       |     4 |     6 ||    10
Invok: Draw Escape       |       |       |     1 ||     1
Evoke: Wand              |       |     8 |       ||     8
  Use: Scroll            |       |     8 |       ||     8
       Potion            |       |     3 |     3 ||     6
 Stab: Paralysed         |       |     1 |       ||     1
Armor: Robe              |    11 |    11 |     3 ||    25
       Leather armour    |       |       |    16 ||    16
Dodge: Dodged            |    36 |    50 |    39 ||   125
